 Dungeon Crawl Stone Soup version 0.18-a0-1748-g7377c14 (webtiles) character file.

69471 Gorice the Fighter (level 14, 0/121 HPs)
             Began as a Demonspawn Abyssal Knight on Apr 11, 2016.
             Was the Champion of Lugonu.
             Slain by Saint Roka
             ... wielding a +2 great mace of crushing
              (1 damage)
             ... on level 2 of the Orcish Mines on Apr 12, 2016.
             The game lasted 02:52:49 (34017 turns).

Gorice the Fighter (Demonspawn Abyssal Knight)     Turns: 34017, Time: 02:52:50

Health: 0/121      AC: 27    Str: 22    XL:     14   Next: 90%
Magic:  21/21      EV: 13    Int: 18    God:    Lugonu [******]
Gold:   2300       SH:  3    Dex: 17    Spells: 0 memorised, 13 levels left

rFire  + + +     SeeInvis .     a - +11 falchion "Spiderslayer" {flame, rF+}
rCold  . . .     Gourm    .     q - +4 plate armour {rF+}
rNeg   . . .     Faith    .     (no shield)
rPois  +         Spirit   .     (helmet restricted)
rElec  .         Dismiss  +     y - +0 cloak
rCorr  .         Reflect  .     s - +1 pair of gloves
SustAt .         Harm     .     (no boots)
MR     +++..                    p - amulet of dismissal
Stlth  ..........               S - ring of Ochea {Fire MR++ Int+3}
                                h - ring of poison resistance

@: mighty, agile, extremely resistant to hostile enchantments, extremely
unstealthy
A: antennae 2, large bone plates 2, cold resistance 1, demonic guardian 2, slow
regeneration 1, freezing cloud immunity
a: Depart the Abyss, Bend Space, Banish, Corrupt, Enter the Abyss, Brand Weapon
With Distortion, Renounce Religion


You were on level 2 of the Orcish Mines.
You worshipped Lugonu.
Lugonu was exalted by your worship.
You were not hungry.

You visited 4 branches of the dungeon, and saw 23 of its levels.
You visited the Abyss 1 time.
You also visited: Labyrinth, Ice Cave and Volcano.

You collected 2300 gold pieces.

Inventory:

Hand Weapons
 a - the +11 falchion "Spiderslayer" (weapon) {flame, rF+}
   (You found it on level 6 of the Lair of Beasts)

   It has been specially enchanted to burn those struck by it, causing extra
   injury to most foes and up to half again as much damage against particularly
   susceptible opponents.
   Big, fiery blades are also staple armaments of hydra-hunters.
   It protects you from fire.
 b - a +2 longbow of flaming
   (You found it in a volcano)
 d - a +1 dagger of distortion
   (You took it off Psyche on level 8 of the Dungeon)
Missiles
 f - 5 tomahawks of returning
 x - 8 javelins (quivered)
 J - 210 arrows
 L - 4 poisoned arrows
Armour
 q - a +4 plate armour of fire resistance (worn)
   (You found it in a volcano)
 s - a +1 pair of gloves (worn)
 y - a +0 cloak (worn)
Jewellery
 g - an uncursed ring of flight
 h - a ring of poison resistance (left hand)
 p - an amulet of dismissal (around neck)
 r - an uncursed ring of protection from cold
 z - an uncursed ring of protection from magic
 S - the ring of Ochea (right hand) {Fire MR++ Int+3}
   (You found it on level 8 of the Lair of Beasts)

   [ring of fire]

   It enhances your fire magic, and weakens your ice magic.
   It affects your intelligence (+3).
   It protects you from fire.
   It makes you vulnerable to cold.
   It affects your resistance to hostile enchantments.
Wands
 l - a wand of disintegration (6/24)
 M - a wand of disintegration (24/24)
 N - a wand of iceblast (2/15)
 O - a wand of digging (8/24)
 Q - a wand of paralysis (0/24)
 R - a wand of paralysis (5/24)
 T - a wand of acid (8/15)
Scrolls
 i - 2 scrolls of magic mapping {!r}
 n - 3 scrolls of fog
 u - 7 scrolls of remove curse
 w - 5 scrolls of teleportation {!r}
 V - 2 scrolls of fear {!r}
Potions
 e - 10 potions of curing
 j - a potion of experience {unknown}
 m - 2 potions of magic {unknown}
 o - 5 potions of lignification {!q}
 t - 3 potions of haste {!q}
 D - 3 potions of cancellation {!q}
 H - a potion of beneficial mutation {unknown}
 I - 3 potions of agility {!q}
Comestibles
 c - 11 bread rations {!e}
 k - 3 chunks of flesh
 C - 24 fruits


   Skills:
 * Level 14.8 Fighting
 - Level 14.0 Long Blades
 * Level 13.1 Armour
 - Level 0.8 Dodging
 + Level 9.3 Invocations


You had 13 spell levels left.
You didn't know any spells.

Dungeon Overview and Level Annotations

Branches:
Dungeon (12/15)            Temple (1/1) D:7            Lair (8/8) D:8
 Shoals (0/4) Lair:6        Snake (0/4) Lair:4        Slime (0/6) Lair:7
    Orc (2/2) D:12            Elf (0/3) Orc:2

Altars:
Ashenzari
Cheibriados
Dithmenos
Elyvilon
Gozag
Kikubaaqudgha
Makhleb
Nemelex Xobeh
Okawaru
Pakellas
Qazlal
Ru
Sif Muna
Trog
Vehumet
Xom
Yredelemnul
Zin
The Shining One
Beogh
Jiyva

Shops:
D:5 %   Orc:2 (

Annotations:
D:2 Sigmund
Lair:8 exclusion: oklob plant
Orc:2 Saint Roka


Innate Abilities, Weirdness & Mutations

You have a pair of antennae on your head.
You are mostly covered in large bone plates (AC +3, SH +3).
Your flesh is cold resistant.
A demonic guardian rushes to your aid.
You are immune to freezing clouds.
You regenerate slowly when monsters are visible.


Message History

Damage: 6 (max 15)
You slash Saint Roka! You burn Saint Roka.
Saint Roka is moderately wounded.
Saint Roka hits you with a great mace of crushing.
* * * LOW HITPOINT WARNING * * *
x2 Damage: 7 (max 15)
You slash Saint Roka! You burn Saint Roka.
Saint Roka is moderately wounded.
Your smoke demon hits Saint Roka but does no damage. x3
Unknown command.
You hit Saint Roka. You burn Saint Roka.
Saint Roka is heavily wounded.
Saint Roka mumbles some strange prayers to Beogh against you.
Beogh smites you!
* * * LOW HITPOINT WARNING * * *
Damage: 15 (max 15) Unknown command.
You hit Saint Roka but do no damage.
Saint Roka is heavily wounded.
Your smoke demon hits Saint Roka.
Your smoke demon hits Saint Roka but does no damage.
Your smoke demon hits Saint Roka.
Unknown command.
Unknown command.
Unknown command.
You slice Saint Roka!! You burn Saint Roka!
Saint Roka is heavily wounded.
Saint Roka hits you with a great mace of crushing!
* * * LOW HITPOINT WARNING * * *
x2 Damage: 9 (max 15)
You hit Saint Roka. You burn Saint Roka.
Saint Roka is severely wounded.
Your smoke demon hits Saint Roka.
Your smoke demon hits Saint Roka but does no damage. x2
You closely miss Saint Roka.
Saint Roka is severely wounded.
Saint Roka mumbles some strange prayers to Beogh against you.
Beogh smites you!
* * * LOW HITPOINT WARNING * * *
Your smoke demon hits Saint Roka but does no damage.
Your smoke demon barely misses Saint Roka.
Your smoke demon hits Saint Roka but does no damage.
Damage: 10 (max 15)
You hit Saint Roka but do no damage.
Saint Roka is severely wounded.
You slice Saint Roka!! You burn Saint Roka.
Saint Roka is severely wounded.
Saint Roka hits you with a great mace of crushing!!
* * * LOW HITPOINT WARNING * * *
You die...

#8...8# #) ##.....# ##. ..#.....#
##.. ........... #...
######.........######
#..8.............8..#
###....................
.#..........._.......[[.
......o@.............[). ...
......83............8[).
.#........#####.))......#####.
......... #...........##...
.......# #...#.....#.. ##..
###......#.. #...##.....# ##.
#............#...# #.....# #.
.............#∩.####8...8### #.
.............####..#.....#.#####.


You could see Saint Roka and a friendly smoke demon.

Vanquished Creatures
  The ghost of slayr the Warrior, a journeyman OgBe of Trog (Lair:7)
  2 dire elephants (Lair:8)
  Snorg (Orc:2)
  4 hydras
  Erica (D:8)
  An anaconda (Lair:8)
  9 death yaks
  Urug (Volcano)
  An unseen horror (D:9)
  The ghost of WereVolvo the Destroyer, a novice DECj of Vehumet (D:9)
  Pikel (D:8)
  A hill giant (D:10)
  A deep elf mage (Orc:2)
  2 orc knights
  3 orc sorcerers
  A cyclops (D:11)
  A griffon (Lair:6)
  Maurice (D:12)
  8 elephants
  2 centaur zombies (D:10)
  2 ice statues (IceCv)
  Psyche (D:8)
  2 black mambas
  A torpor snail (Lair:6)
  12 spiny frogs
  3 rime drakes (Lair:7)
  6 ice devils (IceCv)
  9 komodo dragons
  A troll (Orc:1)
  A polar bear (Lair:7)
  A two-headed ogre (D:10)
  A boulder beetle (Lair:6)
  19 blink frogs
  A wyvern (D:8)
  36 yaks
  6 basilisks
  Grum (D:8)
  10 hippogriffs
  A naga (Lair:4)
  A warg (Orc:2)
  17 water moccasins
  14 porcupines
  6 ice beasts
  A swamp drake (D:12)
  4 sky beasts
  29 orc warriors
  A phantom (D:8)
  8 ogres
  An eye of draining (D:12)
  24 wolves
  7 centaurs
  16 crocodiles
  A big kobold (D:12)
  A gnoll sergeant (D:7)
  15 giant frogs
  A wyvern skeleton (D:6)
  6 scorpions
  4 killer bees (D:11)
  2 electric eels
  7 wights
  4 howler monkeys
  A troll skeleton (D:9)
  2 spriggan skeletons (D:9)
  4 crimson imps
  A wasp zombie (D:7)
  A quasit (D:8)
  5 hounds
  4 jellies
  2 draconian simulacra (IceCv)
  2 giant frog skeletons
  18 orc priests
  5 centaur skeletons
  8 iguanas
  Natasha (twice) (D:2)
  35 orc wizards
  4 hell rats (Lair:6)
  6 worker ants
  2 spriggan simulacra (IceCv)
  2 troll simulacra (IceCv)
  26 sheep
  A centaur simulacrum (IceCv)
  3 worker ant zombies
  3 gnolls (D:7)
  A howler monkey skeleton (D:8)
  2 ogre simulacra (IceCv)
  12 adders
  A naga simulacrum (IceCv)
  58 river rats
  A shadow imp (D:7)
  2 oozes
  3 adder zombies
  5 adder skeletons
  5 worms
  3 dart slugs
  6 giant geckos
  57 orcs
  A ball python (D:3)
  13 bats
  9 giant cockroaches
  10 goblins
  13 hobgoblins
  15 jackals
  6 quokkas
  2 giant gecko skeletons
  3 giant newts
  7 kobolds
  2 quokka skeletons
  24 rats
  A plant (Lair:8)
726 creatures vanquished.

Vanquished Creatures (collateral kills)
  A dire elephant (Lair:8)
  A minotaur (Lab)
  Erolcha (D:8)
  4 hydras
  3 death yaks
  An orc high priest (Orc:2)
  An orc sorcerer (Orc:2)
  An orc knight (Orc:2)
  A necromancer (IceCv)
  5 elephants
  2 manticores (D:12)
  A black mamba (Lair:4)
  A spiny frog (Lair:1)
  An ice statue (IceCv)
  A rime drake (Lair:3)
  3 blink frogs
  15 yaks
  3 fire bats (Lair:5)
  A basilisk (D:8)
  A sky beast (D:5)
  6 orc warriors
  A wolf (D:7)
  A centaur (D:5)
  2 crocodiles (D:8)
  2 giant frogs
  A crimson imp (D:5)
  3 orc wizards (Orc:2)
  2 orc priests (Orc:2)
  Natasha (D:2)
  4 sheep (Lair:7)
  3 river rats (Lair:7)
  4 orcs
  A giant gecko skeleton (D:6)
  A kobold (D:12)
80 creatures vanquished.

Vanquished Creatures (others)
  A basilisk (D:8)
  An orc (Orc:2)
  33 fungi
  15 plants
50 creatures vanquished.

Grand Total: 856 creatures vanquished

Notes
Turn   | Place    | Note
--------------------------------------------------------------
     0 | Abyss:1  | Gorice the Demonspawn Abyssal Knight began the quest for the Orb.
     0 | Abyss:1  | Reached XP level 1. HP: 18/18 MP: 2/2
    41 | Abyss:1  | Found an iron altar of Okawaru.
    42 | Abyss:1  | Found a corrupted altar of Lugonu.
   110 | D:1      | Escaped the Abyss
   169 | D:1      | Reached skill level 2 in Long Blades
   175 | D:1      | HP: 5/18 [giant gecko (1)]
   390 | D:1      | Gained mutation: A weak demonic guardian rushes to your aid. [demonic ancestry]
   390 | D:1      | Reached XP level 2. HP: 20/24 MP: 3/3
   706 | D:1      | Reached skill level 3 in Long Blades
   842 | D:1      | Reached ** piety under Lugonu
   871 | D:1      | Reached XP level 3. HP: 29/29 MP: 4/4
  1571 | D:2      | Noticed Natasha
  1679 | D:2      | Gained mutation: Your flesh is cold resistant. [demonic ancestry]
  1679 | D:2      | Reached XP level 4. HP: 11/35 MP: 5/5
  1917 | D:2      | Reached skill level 4 in Long Blades
  1949 | D:2      | Reached *** piety under Lugonu
  2014 | D:2      | Found a radiant altar of Vehumet.
  2031 | D:2      | Noticed Sigmund
  2210 | D:2      | Killed Natasha
  2300 | D:2      | Found a glowing golden altar of the Shining One.
  2308 | D:2      | Noticed Natasha
  2312 | D:2      | Killed Natasha
  2312 | D:2      | Reached XP level 5. HP: 33/41 MP: 6/6
  2505 | D:2      | Found a faded altar to an unknown god.
  2531 | D:2      | Noticed Natasha
  2561 | D:2      | Killed Natasha
  2561 | D:2      | Reached skill level 5 in Long Blades
  3087 | D:3      | Reached **** piety under Lugonu
  3579 | D:4      | Found a glowing silver altar of Zin.
  3758 | D:4      | Gained mutation: You have a pair of small antennae on your head. [demonic ancestry]
  3758 | D:4      | Reached XP level 6. HP: 33/47 MP: 7/7
  4270 | D:5      | Entered Level 5 of the Dungeon
  4425 | D:5      | Reached skill level 6 in Long Blades
  4488 | D:5      | HP: 13/47 [centaur (5)]
  4846 | D:5      | Noticed an ice beast
  4873 | D:5      | Killed an ice beast
  4951 | D:5      | Found Ijudex's Food Shoppe.
  5184 | D:5      | Reached skill level 7 in Long Blades
  5184 | D:5      | Gained mutation: You are immune to freezing clouds. [demonic ancestry]
  5184 | D:5      | Reached XP level 7. HP: 49/52 MP: 8/8
  5298 | D:5      | Found a shattered altar of Ashenzari.
  5470 | D:5      | HP: 15/52 [something (5)]
  5482 | D:5      | HP: 15/52 [sky beast (2)]
  5487 | D:5      | Reached skill level 8 in Long Blades
  5838 | D:6      | Got an ichor-stained helmet
  5857 | D:6      | HP: 13/52 [ice beast (6)]
  5874 | D:6      | HP: 14/52 [ice beast (2)]
  6231 | D:6      | Reached XP level 8. HP: 58/58 MP: 9/9
  6268 | D:6      | Reached ***** piety under Lugonu
  6270 | D:6      | Found an ancient bone altar of Kikubaaqudgha.
  6318 | D:6      | Reached skill level 4 in Fighting
  6525 | D:6      | Reached skill level 9 in Long Blades
  6589 | D:6      | You fall through a shaft for 2 floors!
  6706 | D:8      | Reached skill level 5 in Fighting
  6739 | D:8      | Found a shimmering altar of Xom.
  6740 | D:8      | Noticed Grum
  6740 | D:8      | Noticed Erolcha
  6740 | D:8      | HP: 13/62 [wolf[Grum] (8)]
  6747 | D:8      | Found a staircase to the Lair.
  6942 | D:8      | HP: 15/62 [Erolcha/giant club (6)]
  7155 | D:7      | Reached skill level 10 in Long Blades
  7259 | D:7      | Reached skill level 2 in Armour
  7259 | D:7      | Reached XP level 9. HP: 54/68 MP: 10/10
  7827 | D:7      | Found a white marble altar of Elyvilon.
  7883 | D:7      | Found a staircase to the Ecumenical Temple.
  8020 | Temple   | Entered the Ecumenical Temple
  8169 | D:7      | Reached skill level 6 in Fighting
  8703 | D:8      | Reached skill level 3 in Armour
  8727 | D:8      | HP: 20/69 [crocodile (6)]
  9413 | D:8      | Reached skill level 4 in Armour
  9662 | D:8      | Reached skill level 7 in Fighting
  9872 | D:8      | Gained mutation: You are partially covered in large bone plates (AC +2, SH +2). [demonic ancestry]
  9872 | D:8      | Reached XP level 10. HP: 37/79 MP: 11/11
 10212 | D:8      | Reached skill level 5 in Armour
 10500 | D:8      | Reached skill level 11 in Long Blades
 10735 | D:8      | Killed Grum
 10957 | D:8      | Killed Erolcha
 10957 | D:8      | Reached skill level 8 in Fighting
 10958 | D:8      | --heh, thanks quasits!
 11194 | D:8      | Noticed Psyche
 11207 | D:8      | Killed Psyche
 11207 | D:8      | Reached skill level 6 in Armour
 11288 | D:8      | Noticed Erica
 11327 | D:8      | Killed Erica
 11528 | D:8      | --+1 scimitar of flaming - handy!
 11552 | D:8      | --effing hell, D8's unique city
 11553 | D:8      | Noticed Pikel
 11583 | D:8      | Killed Pikel
 11583 | D:8      | Reached skill level 9 in Fighting
 11807 | Lair:1   | Entered Level 1 of the Lair of Beasts
 12128 | D:8      | Gained mutation: A demonic guardian rushes to your aid. [demonic ancestry]
 12128 | D:8      | Reached XP level 11. HP: 63/89 MP: 12/12
 12383 | Lair:1   | Reached skill level 7 in Armour
 13055 | Lair:2   | HP: 26/89 [wolf (3)]
 13058 | Lair:2   | HP: 12/89 [wolf (1)]
 13101 | Lair:2   | Found a labyrinth entrance.
 13109 | Lair:2   | HP: 24/89 [crocodile (3)]
 13110 | Lab      | Entered a labyrinth
 13400 | Lab      | Noticed a minotaur
 13404 | Lab      | Killed a minotaur
 13404 | Lab      | Reached skill level 12 in Long Blades
 13406 | Lab      | --wow thanks sun demon, I'd never have killed that 'taur
 13412 | Lab      | Got a warped whip {flame}
 13413 | Lab      | Identified the +6 whip of the Grave {flame, rC++ rN+ Dex-2 Stlth+} (You took it off a minotaur in a labyrinth)
 13495 | Lair:2   | Found a frozen archway.
 13504 | IceCv    | Entered an ice cave
 13769 | IceCv    | HP: 21/90 [ice devil (7)]
 14483 | IceCv    | Reached skill level 10 in Fighting
 14932 | IceCv    | Reached skill level 8 in Armour
 15108 | IceCv    | Noticed a necromancer
 15118 | IceCv    | Killed a necromancer
 15126 | IceCv    | Got a faintly humming robe
 15167 | IceCv    | Identified the cursed -5 robe of Misfortune {-Cast *Contam *Tele EV-4 Str-2 Int-2 Dex-2 Stlth-- *Curse} (You found it in an ice cave)
 15288 | Lair:2   | Noticed a four-headed hydra
 15297 | Lair:2   | Killed a four-headed hydra
 17073 | Lair:3   | Gained mutation: You have a pair of antennae on your head. [demonic ancestry]
 17073 | Lair:3   | Reached XP level 12. HP: 89/99 MP: 13/13
 17078 | Lair:3   | Noticed a death yak
 17079 | Lair:3   | Noticed a death yak
 17084 | Lair:3   | Noticed a death yak
 17094 | Lair:3   | Killed a death yak
 17098 | Lair:3   | Killed a death yak
 17146 | Lair:3   | Reached skill level 11 in Fighting
 17146 | Lair:3   | Reached skill level 9 in Armour
 17170 | Lair:3   | Reached ****** piety under Lugonu
 17313 | Lair:3   | HP: 24/100 [komodo dragon (13)]
 17322 | Lair:3   | HP: 17/100 [poisoned by a water moccasin]
 17778 | Lair:3   | Killed a death yak
 17877 | Lair:3   | Noticed a seven-headed hydra
 18013 | Lair:3   | Killed a five-headed hydra
 18013 | Lair:3   | Reached skill level 13 in Long Blades
 18800 | Lair:4   | Found a staircase to the Snake Pit.
 19031 | Lair:4   | Noticed a four-headed hydra
 19040 | Lair:4   | Noticed a death yak
 19042 | Lair:4   | Killed a four-headed hydra
 19048 | Lair:4   | Noticed a death yak
 19049 | Lair:4   | Noticed a death yak
 19051 | Lair:4   | Killed a death yak
 19051 | Lair:4   | Reached skill level 12 in Fighting
 19051 | Lair:4   | Reached skill level 10 in Armour
 19065 | Lair:4   | Killed a death yak
 19069 | Lair:4   | Killed a death yak
 19398 | Lair:4   | Noticed an eight-headed hydra
 19405 | Lair:4   | Killed a seven-headed hydra
 19542 | Lair:4   | Upgraded the game from 0.18-a0-1745-gffa9a88 to 0.18-a0-1747-g18c4181
 20661 | Lair:5   | Found a dark tunnel.
 20673 | Volcano  | Entered a volcano
 20703 | Volcano  | Reached XP level 13. HP: 64/108 MP: 14/14
 20823 | Volcano  | Noticed Urug
 20835 | Volcano  | Killed Urug
 21481 | Lair:6   | Got a pitted falchion
 21718 | Lair:6   | Identified the +11 falchion "Spiderslayer" {flame, rF+} (You found it on level 6 of the Lair of Beasts)
 22134 | Lair:6   | Found a staircase to the Shoals.
 22794 | Lair:6   | Reached skill level 14 in Long Blades
 23233 | Lair:7   | Reached skill level 11 in Armour
 23233 | Lair:7   | Reached skill level 3 in Invocations
 23315 | Lair:7   | Reached skill level 4 in Invocations
 23328 | Lair:7   | Reached skill level 13 in Fighting
 23350 | Lair:7   | Noticed slayr's ghost (journeyman OgBe)
 23729 | Lair:7   | Reached skill level 5 in Invocations
 23866 | Lair:7   | HP: 22/111 [slayr's ghost (20)]
 23889 | Lair:7   | HP: 24/111 [elephant (3)]
 23895 | Lair:7   | Killed slayr's ghost
 23895 | Lair:7   | Reached skill level 6 in Invocations
 24768 | Lair:7   | Found a viscous altar of Jiyva.
 24768 | Lair:7   | Found a staircase to the Slime Pits.
 25121 | Lair:8   | Entered Level 8 of the Lair of Beasts
 25209 | Lair:8   | Gained mutation: You are mostly covered in large bone plates (AC +3, SH +3). [demonic ancestry]
 25209 | Lair:8   | Reached XP level 14. HP: 115/118 MP: 19/19
 25225 | Lair:8   | Reached skill level 7 in Invocations
 25233 | Lair:8   | HP: 35/118 [death yak (11)]
 25236 | Lair:8   | HP: 12/118 [death yak (17)]
 25242 | Lair:8   | HP: 11/118 [spatial distortion (2)]
 25368 | Lair:7   | HP: 30/118 [rime drake/flash freeze (18)]
 26332 | Lair:8   | Reached skill level 12 in Armour
 26821 | Lair:8   | HP: 21/119 [dire elephant (18)]
 26823 | Lair:8   | Reached skill level 14 in Fighting
 26854 | Lair:8   | Got a wavering lapis lazuli ring
 27150 | Lair:8   | Identified the ring of Ochea {Fire MR++ Int+3} (You found it on level 8 of the Lair of Beasts)
 27334 | Lair:1   | Upgraded the game from 0.18-a0-1747-g18c4181 to 0.18-a0-1748-g7377c14
 27430 | D:9      | Found an iron altar of Okawaru.
 27911 | D:9      | Noticed WereVolvo's ghost (novice DECj)
 27919 | D:9      | Killed WereVolvo's ghost
 28261 | D:10     | Entered Level 10 of the Dungeon
 28317 | D:9      | Identified a scroll of acquirement
 28358 | D:10     | Reached skill level 8 in Invocations
 30122 | D:12     | Found a shadowy altar of Dithmenos.
 30130 | D:12     | Noticed Maurice
 30526 | D:12     | Found a staircase to the Orcish Mines.
 31115 | D:12     | Killed Maurice
 31631 | Orc:1    | Entered Level 1 of the Orcish Mines
 32055 | Orc:2    | Entered Level 2 of the Orcish Mines
 32085 | Orc:2    | Found a burning altar of Makhleb.
 32086 | Orc:2    | Noticed Snorg
 32309 | Orc:2    | Killed Snorg
 32309 | Orc:2    | Reached skill level 13 in Armour
 32673 | Orc:2    | Found a staircase to the Elven Halls.
 32921 | Orc:2    | Reached skill level 9 in Invocations
 32962 | Orc:2    | Gained mutation: You regenerate slowly when monsters are visible. [a neqoxec]
 32968 | Orc:2    | Noticed Saint Roka
 32977 | Orc:2    | HP: 36/121 [orc warrior/long sword[Saint Roka] (9)]
 33449 | Orc:2    | HP: 30/121 [orc warrior/glaive (18)]
 33475 | Orc:2    | HP: 33/121 [orc warrior/halberd[Saint Roka] (3)]
 33484 | Orc:2    | HP: 32/121 [sixfirhy[an orc high priest] (2)]
 33493 | Orc:2    | HP: 23/121 [orc wizard/magic dart (3)]
 33504 | Orc:2    | HP: 13/121 [orc warrior/trident of flaming (12)]
 33992 | Orc:2    | Found a roughly hewn altar of Beogh.
 33995 | Orc:2    | Found Voafutir's Antique Weapon Boutique.
 34013 | Orc:2    | HP: 32/121 [Saint Roka/great mace of crushing (8)]
 34017 | Orc:2    | HP: 1/121 [Saint Roka/great mace of crushing (21)]
 34017 | Orc:2    | Slain by Saint Roka

Vault maps used:
D:1:      sevenhm_arrival_forest_fort_large_2, minmay_misc_feat_alley,
          corexii_corridor_pit
D:2:      nicolae_overflow_crystal_walls, marbit_many_paths, ecumenical_altar_1,
          uniq_sigmund, uniq_natasha
D:4:      nicolae_overflow_hidden_temple
D:5:      ashenzari_conservatory_becter, first_bread, serial_shops, shop,
          bh_walls_and_bars
D:6:      lemuel_crystal_altar
D:7:      elyvilon_altar_3, minmay_temple_entry_overgrown
D:8:      minmay_lair_entry_grove, basic_altar, uniq_grum, uniq_erica,
          uniq_pikel, uniq_psyche, uniq_erolcha
D:9:      okawaru_trees_1, hangedman_tell_no_tales
D:10:     minmay_flawed_box
D:11:     uniq_urug
D:12:     erik_orc_1, grunt_dithmenos_smoke, uniq_maurice
Temple:   temple_eino_lava_12
Lair:1:   grunt_megastairs_2
Lair:2:   lab_entry_generic, portal_ice_cave_entry_pillars_02
Lair:3:   bh_autumn_forest_stairs
Lair:4:   guppyfry_snake_entry_island, patterned_corridor,
          infiniplex_staircase_pool, serial_bayou_shore_a
Lair:5:   nicolae_volcano_entry_batcave
Lair:6:   lemuel_ratsnest, shoals_dummy_entry, beast_lair_carwin_9,
          grunt_megastairs_1
Lair:7:   dpeg_slime_entry_enclosed_altar, lemuel_fruit_fields
Lair:8:   due_jungle_book
Orc:2:    grunt_orc_cross, basic_altar, uniq_snorg
Lab:      labyrinth_spiral, nicolae_lab_quarters, nicolae_lab_grate,
          nicolae_lab_flowing_pool, nicolae_lab_diamond, nicolae_lab_big_swirl,
          labyrinth_glass_1
IceCv:    ice_cave_tombish
Volcano:  volcano_pools

Skill      XL: |  1  2  3  4  5  6  7  8  9 10 11 12 13 14 |
---------------+-------------------------------------------+-----
Long Blades    | 2 3 4 5 7 8 10 11 12 13 14 | 14.0
Fighting       | 5 7 9 10 12 13 14 | 14.8
Armour         | 2 4 6 8 10 11 13 | 13.1
Invocations    | 6 9 |  9.3
Dodging        | |  0.8

Action                   |  1- 3 |  4- 6 |  7- 9 | 10-12 | 13-15 || total
-------------------------+-------+-------+-------+-------+-------++-------
Melee: Falchion          |   143 |   322 |   502 |   112 |  1204 ||  2283
       Scimitar          |       |       |       |   810 |   165 ||   975
 Fire: Shortbow          |       |       |    18 |    93 |    14 ||   125
       Longbow           |       |       |       |       |     8 ||     8
Throw: Stone             |       |    20 |    79 |     3 |       ||   102
       Tomahawk          |       |       |       |    22 |     3 ||    25
       Javelin           |       |       |       |       |     6 ||     6
Invok: Bend Space        |       |     1 |       |     1 |     2 ||     4
       Banish            |       |       |     1 |       |       ||     1
Evoke: Club              |       |       |     3 |     1 |     8 ||    12
  Use: Scroll            |     3 |     5 |     8 |    12 |     7 ||    35
       Potion            |       |       |     3 |     2 |     4 ||     9
 Stab: Distracted        |       |       |     2 |     2 |     2 ||     6
       Invisible         |       |       |       |     2 |       ||     2
       Paralysed         |       |       |       |       |     4 ||     4
  Eat: Chunk             |     2 |    12 |    14 |    25 |    36 ||    89
       Royal jelly       |       |       |     1 |       |     1 ||     2
       Beef jerky        |       |       |       |     1 |       ||     1
       Bread ration      |       |       |       |     2 |     1 ||     3
Armor: Plate armour      |       |       |       |    39 |   680 ||   719
Dodge: Dodged            |       |       |       |    16 |   225 ||   241
Block: Other             |       |       |       |     3 |    72 ||    75

Table legend:
 A = Turns spent in this place as a percentage of turns spent in the entire game.
 B = Non-inter-level travel turns spent in this place as a percentage of non-inter-level travel turns spent in the entire game.
 C = Inter-level travel turns spent in this place as a percentage of turns spent in this place.
 D = Turns resting spent in this place as a percentage of non-inter-level travel turns spent in this place.
 E = Turns spent auto-exploring this place as a percentage of non-inter-level travel turns spent in this place.
 F = Non-inter-level travel turns spent in this place divided by the number of levels of this place that you've seen.
                   A       B       C       D       E      F
               +-------+-------+-------+-------+-------+----------------------
         Total | 100.0 | 100.0 |   0.5 |   1.8 |   3.4 | 476.1
       Dungeon |  44.8 |  44.7 |   0.6 |   2.1 |   4.6 | 479.1
        Temple |   0.1 |   0.1 |   5.9 |   0.0 |  37.5 |  16.0
          Lair |  39.0 |  38.9 |   0.5 |   1.4 |   3.0 | 625.6
  Orcish Mines |   8.4 |   8.4 |   0.2 |   1.7 |   1.5 | 539.5
         Abyss |   0.9 |   0.9 |   0.0 |   0.0 |   0.0 | 110.0
     Labyrinth |   1.4 |   1.4 |   0.0 |   2.3 |   0.0 | 176.0
      Ice Cave |   3.9 |   4.0 |   0.0 |   4.1 |   0.0 | 509.0
       Volcano |   1.6 |   1.6 |   0.0 |   0.0 |   0.0 | 210.0
               +-------+-------+-------+-------+-------+----------------------

Vault maps used:
D:1:      sevenhm_arrival_forest_fort_large_2, minmay_misc_feat_alley,
          corexii_corridor_pit
D:2:      nicolae_overflow_crystal_walls, marbit_many_paths, ecumenical_altar_1,
          uniq_sigmund, uniq_natasha
D:4:      nicolae_overflow_hidden_temple
D:5:      ashenzari_conservatory_becter, first_bread, serial_shops, shop,
          bh_walls_and_bars
D:6:      lemuel_crystal_altar
D:7:      elyvilon_altar_3, minmay_temple_entry_overgrown
D:8:      minmay_lair_entry_grove, basic_altar, uniq_grum, uniq_erica,
          uniq_pikel, uniq_psyche, uniq_erolcha
D:9:      okawaru_trees_1, hangedman_tell_no_tales
D:10:     minmay_flawed_box
D:11:     uniq_urug
D:12:     erik_orc_1, grunt_dithmenos_smoke, uniq_maurice
Temple:   temple_eino_lava_12
Lair:1:   grunt_megastairs_2
Lair:2:   lab_entry_generic, portal_ice_cave_entry_pillars_02
Lair:3:   bh_autumn_forest_stairs
Lair:4:   guppyfry_snake_entry_island, patterned_corridor,
          infiniplex_staircase_pool, serial_bayou_shore_a
Lair:5:   nicolae_volcano_entry_batcave
Lair:6:   lemuel_ratsnest, shoals_dummy_entry, beast_lair_carwin_9,
          grunt_megastairs_1
Lair:7:   dpeg_slime_entry_enclosed_altar, lemuel_fruit_fields
Lair:8:   due_jungle_book
Orc:2:    grunt_orc_cross, basic_altar, uniq_snorg
Lab:      labyrinth_spiral, nicolae_lab_quarters, nicolae_lab_grate,
          nicolae_lab_flowing_pool, nicolae_lab_diamond, nicolae_lab_big_swirl,
          labyrinth_glass_1
IceCv:    ice_cave_tombish
Volcano:  volcano_pools
